 Dungeon Crawl Stone Soup version 0.21.1-1-g345015fe64 (webtiles) character file.

47 Grim the Charmwright (level 3, 32/32 HPs)
             Began as a Naga Skald on June 9, 2018.
             Quit the game on level 2 of the Dungeon.
             The game lasted 00:03:00 (1851 turns).

Grim the Charmwright (Naga Skald)                   Turns: 1851, Time: 00:03:01

Health: 32/32      AC:  3    Str: 13    XL:     3   Next: 70%
Magic:  6/6        EV:  9    Int: 13    God:
Gold:   43         SH:  0    Dex: 11    Spells: 5/6 levels left

rFire    . . .     SeeInvis +   a - +0 falchion
rCold    . . .     Gourm    .   (no shield)
rNeg     . . .     Faith    .   b - +0 leather armour
rPois    +         Spirit   .   h - +0 helmet
rElec    .         Reflect  .   (no cloak)
rCorr    .         Harm     .   (no gloves)
MR       .....                  (no barding)
Stlth    +.........             (no amulet)
HPRegen  0.10/turn              (no ring)
MPRegen  0.10/turn              (no ring)

@: very slow
A: large, see invisible, deformed body, poison resistance, slowness 2, slow
metabolism 1, spit poison 1, AC +1
a: Spit Poison


You were on level 2 of the Dungeon.
You were very hungry.

You visited 1 branch of the dungeon, and saw 2 of its levels.

You collected 43 gold pieces.

Inventory:

Hand Weapons
 a - a +0 falchion (weapon)
Armour
 b - a +0 leather armour (worn)
 h - a +0 helmet (worn)
Scrolls
 e - a scroll of magic mapping {unknown}
 g - a scroll of enchant weapon {unknown}
 i - 2 scrolls of remove curse {unknown}
 j - a scroll of amnesia {unknown}
 k - a scroll of identify {unknown}
Potions
 f - a potion of degeneration {unknown}
 l - a potion of curing {unknown}
Books
 c - a book of Battle

   Spells                             Type                      Level
   a - Infusion                       Charms                       1
   b - Shroud of Golubria             Charms/Translocation         2
   c - Song of Slaying                Charms                       2
   d - Spectral Weapon                Hexes/Charms                 3
   e - Regeneration                   Charms/Necromancy            3
Comestibles
 d - 3 rations


   Skills:
 - Level 2.0 Fighting
 * Level 3.4 Long Blades
 - Level 0.7 Armour
 - Level 1.5 Dodging
 - Level 2.0 Spellcasting
 + Level 3.5 Charms


You had 5 spell levels left.
You knew the following spells:

 Your Spells              Type           Power        Failure   Level  Hunger
a - Infusion              Chrm           ##..         8%          1    ##.....


Dungeon Overview and Level Annotations

Branches:
Dungeon (2/15)

Altars:


Innate Abilities, Weirdness & Mutations

You cannot wear boots.
Your serpentine skin is tough. (AC +1)
You have supernaturally acute eyesight. (SInv)
Armour fits poorly on your strangely shaped body.
Your system is resistant to poisons. (rPois)
You cover ground very slowly.
You have a slow metabolism.
You can spit poison.


Message History

Okay, then.
A kobold is nearby!
There is an open door here.
Casting: Infusion
Confirm with . or Enter, or press ? or * to list all spells.
You begin infusing your attacks with magical energy.
You are feeling very hungry.
You closely miss the kobold. The kobold barely misses you.
You closely miss the kobold. The kobold closely misses you.
The kobold hits you but does no damage.
You hit the kobold!
You kill the kobold!
No target in view!
You start resting.
Your magical infusion is running out.
You start resting.
You are no longer magically infusing your attacks.
You start waiting.
Done waiting.
Are you sure you want to abandon this character and quit the game? (Confirm with "yes".)

...# ##.## .### #.# .#
#.# .# ##'## .# ##...##
.## ##.....## #.###
##.......## .## ....#
#.....(...###.....
......'.........@)......
....###.........####...#
#.#.# ##.......## #
###.# ##.....## # #
##...## # ##'## . #. #.


There were no monsters in sight!

Vanquished Creatures
  An adder (D:2)
  A dart slug (D:1)
  A leopard gecko (D:2)
  3 ball pythons
  7 giant cockroaches
  4 goblins
  6 bats
  3 frilled lizards
  4 kobolds
  2 rats (D:2)
32 creatures vanquished.

Notes
Turn   | Place    | Note
-------+----------+-------------------------------------------
     0 | D:1      | Grim the Naga Skald began the quest for the Orb.
     0 | D:1      | Reached XP level 1. HP: 19/19 MP: 3/3
   359 | D:1      | Reached XP level 2. HP: 24/26 MP: 5/5
  1162 | D:2      | Reached XP level 3. HP: 25/32 MP: 0/6
  1851 | D:2      | Quit the game

Skill      XL: |  1  2 |
---------------+-------+-----
Long Blades    | 3 |  3.4
Fighting       | |  2.0
Armour         | |  0.7
Dodging        | |  1.5
Spellcasting   | |  2.0
Charms         | |  3.5

Action                   || total
-------------------------++-------
Melee: Falchion          ||   103
 Cast: Infusion          ||     7
  Eat: Chunk             ||     1
Armor: Leather armour    ||    55
Dodge: Dodged            ||    77
       Rpst.: Falchion   ||    18
